 Dungeon Crawl Stone Soup version 0.31-a0-259-g771a54ca4b (webtiles) character file.

Game seed: 2695123979677469782

79 qw the Shooter (level 4, -1/26 HPs)
             Began as a Gargoyle Hexslinger on July 13, 2023.
             Slain by an orc
             ... wielding a +0 flail
              (4 damage)
             ... on level 3 of the Dungeon.
             The game lasted 00:00:41 (2247 turns).

qw the Shooter (Gargoyle Hexslinger)                Turns: 2247, Time: 00:00:42

Health: -1/26      AC:  9    Str: 11    XL:     4   Next: 38%
Magic:  5/5        EV: 10    Int: 14    God:
Gold:   143        SH:  0    Dex: 14    Spells: 4/5 levels left

rFire   . . .        Y - +1 sling
rCold   . . .        (no shield)
rNeg    + . .        e - +0 ring mail
rPois   inf          j - +0 helmet
rElec   +            (no cloak)
rCorr   .            (no gloves)
SInv    .            (no boots)
Will    .....        (no amulet)
Stlth   +            (no ring)
HPRegen 0.24/turn    (no ring)
MPRegen 0.09/turn

%: no passive effects
@: no status effects
A: sickness immunity, AC +3, negative energy resistance 1, electricity
resistance, torment resistance 1, petrification resistance
a: no special abilities


You were on level 3 of the Dungeon.
You visited 1 branch of the dungeon, and saw 3 of its levels.

You collected 143 gold pieces.


Innate Abilities, Weirdness & Mutations

You are immune to sickness and miasma.
Your stone body is resilient. (AC +3)
You are immune to poison.
You resist negative energy. (rN+)
You are resistant to electric shocks. (rElec)
You are resistant to unholy torment.
You are immune to petrification.


   Skills:
 - Level 2.0 Fighting
 + Level 4.0 Ranged Weapons
 - Level 1.0 Armour
 - Level 1.5 Dodging
 - Level 1.0 Spellcasting
 - Level 2.6 Hexes


You had 4 spell levels left.
You knew the following spells:

 Your Spells              Type           Power      Damage    Failure   Level
a - Slow                  Hex            32%        N/A       21%         1

Your spell library contained the following spells:

 Spells                   Type           Power      Damage    Failure   Level
 Inner Flame              Hex/Fire       4%         N/A       71%         3
 Portal Projectile        Hex/Tloc       8%         N/A       71%         3
 Cause Fear               Hex            4%         N/A       90%         4

Inventory:

Hand Weapons
 Y - a +1 sling (weapon)
Armour
 e - a +0 ring mail (worn)
 j - a +0 helmet (worn)
Potions
 a - a potion of cancellation {unknown}
 f - a potion of haste {unknown}
 g - a potion of heal wounds {unknown}
 h - a potion of berserk rage {unknown}
 i - a potion of lignification {unknown}

Dungeon Overview and Level Annotations

Branches:
Dungeon (3/15)

Altars:


Message History

The orc is severely wounded.
You shoot a sling bullet.
The sling bullet barely misses the orc. x2
The orc closely misses you. The orc barely misses you.
You shoot a sling bullet.
The sling bullet closely misses the orc.
The orc closely misses you. The orc hits you but does no damage. x2
The orc barely misses you. The orc hits you with a +0 short sword.
The orc hits you but does no damage.
You shoot a sling bullet. The sling bullet hits the orc.
You kill the orc!
The orc barely misses you. The orc hits you with a +0 hand axe.
You shoot a sling bullet.
The sling bullet closely misses the orc.
The sling bullet hits the quokka.
The quokka is severely wounded.
The orc barely misses you. The orc hits you but does no damage.
The orc completely misses you.
You shoot a sling bullet. The sling bullet hits the orc.
The orc is almost dead.
The orc hits you but does no damage. The orc closely misses you.
The orc hits you but does no damage.
A dart slug comes into view.
The orc hits you with a +0 short sword. The orc hits you with a +0 flail.
The orc hits you with a +0 hand axe.
You shoot a sling bullet. The sling bullet hits the orc.
You kill the orc!
The orc hits you but does no damage. The orc closely misses you.
Your Ranged Weapons skill increases to level 4!
You shoot a sling bullet.
The sling bullet hits the quokka but does no damage.
The quokka is severely wounded.
The quokka completely misses you. The orc hits you but does no damage.
The orc closely misses you. The quokka closely misses you.
You shoot a sling bullet.
The sling bullet closely misses the quokka.
The quokka bites you but does no damage.
The orc hits you with a +0 flail! The orc closely misses you.
The quokka barely misses you. The orc hits you but does no damage.
The orc hits you with a +0 flail.
You die...

... ##........###.. #.#
##........##... .##
#..##..........#...
....###...............##
.....................###
....(#####..............
....................####
#..................# ##
.#...o@............. #.
####or###.............
##). #............. #...
....... ....
......#.#... #.# ....#.
.#.. # .. ........ ...
## #.....##. #..# #..


You could see 2 orcs and a quokka.

Vanquished Creatures
  3 adders
  A worm (D:2)
  A dart slug (D:2)
  2 orcs (D:3)
  3 endoplasms (D:1)
  2 giant cockroaches
  5 goblins
  2 hobgoblins (D:2)
  8 jackals
  2 quokkas (D:2)
  2 ball pythons
  4 bats
  A frilled lizard (D:3)
  4 kobolds
40 creatures vanquished.

Notes
Turn   | Place    | Note
-------+----------+-------------------------------------------
     0 | D:1      | qw the Gargoyle Hexslinger began the quest for the Orb.
     0 | D:1      | Reached XP level 1. HP: 12/12 MP: 2/2
     0 | D:1      | 0 ||| qw: Version: 0.3-a-52-g30416fa
     0 | D:1      | 0 ||| qw: Game counter: 6836
     0 | D:1      | 0 ||| qw: Melee chars always use a shield: true
     0 | D:1      | 0 ||| qw: God list: Okawaru
     0 | D:1      | 0 ||| qw: Allow faded altars: false
     0 | D:1      | 0 ||| qw: Do Orc after clearing Dungeon:15 true
     0 | D:1      | 0 ||| qw: Do second Lair branch before Depths: true
     0 | D:1      | 0 ||| qw: Lair rune preference: random
     0 | D:1      | 0 ||| qw: Goals: Normal
     0 | D:1      | 0 ||| PLANNING D:1-11
   356 | D:1      | Reached XP level 2. HP: 16/16 MP: 3/3
   505 | D:1      | Reached skill level 3 in Ranged Weapons
   510 | D:1      | Found a faded altar of an unknown god.
   998 | D:1      | 998 ||| READING 2 scrolls labelled GOILULOMMI.
   999 | D:1      | 999 ||| READING scroll labelled RYMUUX HENK.
  1000 | D:1      | 1000 ||| DROPPING scroll of immolation.
  1001 | D:1      | 1001 ||| DROPPING scroll of poison.
  1163 | D:2      | Reached XP level 3. HP: 21/21 MP: 4/4
  1753 | D:2      | Reached XP level 4. HP: 26/26 MP: 5/5
  2002 | D:2      | 2002 ||| UPGRADING to +0 leather armour.
  2012 | D:2      | 2012 ||| DROPPING +0 robe.
  2013 | D:2      | 2013 ||| UPGRADING to +0 ring mail.
  2023 | D:2      | 2023 ||| DROPPING +0 leather armour.
  2024 | D:2      | 2024 ||| UPGRADING to +0 helmet.
  2029 | D:2      | 2029 ||| DRINKING 2 fizzy brown potions.
  2030 | D:2      | 2030 ||| DROPPING potion of attraction.
  2236 | D:3      | Reached skill level 1 in Armour
  2246 | D:3      | Reached skill level 4 in Ranged Weapons
  2247 | D:3      | HP: 3/26 [orc/+0 flail (7)]
  2247 | D:3      | Slain by an orc

Levels and vault maps discovered:
D:1:      nicolae_arrival_somewhat_less_tricky_arrival, layout_basic,
          hellmonk_ecumenical_altar_zigzags, serial_bayou_ford_a
D:2:      layout_loops_corners, minmay_randomly_rotated_circles
D:3:      layout_rooms, solitary_fountain, wander_ebering_terrifying_dragon_lair

Skill      XL: |  1  2  3  4 |
---------------+-------------+-----
Ranged Weapons | 3 4 |  4.0
Fighting       | 2 |  2.0
Armour         | 1 |  1.0
Dodging        | |  1.5
Spellcasting   | |  1.0
Hexes          | |  2.6

Action                     |  1- 3 |  4- 6 || total
---------------------------+-------+-------++-------
   Fire: Sling             |   129 |    41 ||   170
    Use: Scroll            |     2 |       ||     2
         Potion            |       |     1 ||     1
 Armour: Robe              |    22 |     3 ||    25
         Ring mail         |       |    19 ||    19
  Dodge: Dodged            |    42 |    28 ||    70

Table legend:
 A = Non-vault XP
 B = Vault XP
 C = Vault XP percentage of total XP
 D = Non-vault monster count
 E = Vault monster count
 F = Vault count percentage of total count
                 A         B        C        D         E       F
            +---------+---------+-------+---------+---------+-------
      Total |      97 |      17 |  14.9 |      34 |       6 |  15.0
            +---------+---------+-------+---------+---------+-------
        D:1 |      29 |       0 |   0.0 |      16 |       0 |   0.0
        D:2 |      44 |      17 |  27.9 |      12 |       6 |  33.3
        D:3 |      24 |       0 |   0.0 |       6 |       0 |   0.0
            +---------+---------+-------+---------+---------+-------
